 Dungeon Crawl Stone Soup version 0.28.0-53-g5a82cb258f (webtiles) character file.

Game seed: 12753375528640347490

20 mortz the Conjurer (level 2, -3/17 HPs)
             Began as an Octopode Conjurer on July 4, 2022.
             Slain by a gnoll
             ... wielding a +0 flail
              (9 damage)
             ... on level 1 of the Dungeon.
             The game lasted 00:04:44 (605 turns).

mortz the Conjurer (Octopode Conjurer)               Turns: 605, Time: 00:04:45

Health: -3/17      AC:  1    Str:  6    XL:     2   Next: 79%
Magic:  0/5        EV: 13    Int: 20    God:
Gold:   12         SH:  0    Dex: 10    Spells: 2/5 levels left

rFire   . . .      SeeInvis .   e - +0 short sword {short}
rCold   . . .      Faith    .   (no shield)
rNeg    . . .      Spirit   .   (helmet restricted)
rPois   .          Reflect  .   (no amulet)
rElec   .          Harm     .   (no ring)
rCorr   .          Rampage  .   (no ring)
Will    .....                   (no ring)
Stlth   +++.......              (no ring)
HPRegen 0.05/turn               (no ring)
MPRegen 0.09/turn               (no ring)
                                (no ring)
                                (no ring)

@: no status effects
A: almost no armour, amphibious, 8 rings, camouflage 1, gelatinous body 1,
(nimble swimmer 1), tentacles
a: no special abilities


You were on level 1 of the Dungeon.
You visited 1 branch of the dungeon, and saw 1 of its levels.

You collected 12 gold pieces.


Innate Abilities, Weirdness & Mutations

You cannot wear most types of armour.
You are amphibious.
You can wear up to eight rings at the same time.
Your skin changes colour to match your surroundings (Stealth+).
Your rubbery body absorbs attacks. (AC +1, EV +1)
((You are camouflaged when in or above water. (Stealth+)))
You have tentacles for arms and can constrict up to eight enemies at once.


   Skills:
 + Level 2.3 Dodging
 + Level 3.2 Stealth
 + Level 2.3 Spellcasting
 + Level 4.2 Conjurations


You had 2 spell levels left.
You knew the following spells:

 Your Spells              Type           Power      Damage    Failure   Level
a - Magic Dart            Conj           76%        1d6       2%          1
b - Searing Ray           Conj           38%        2d5       4%          2

Your spell library contained the following spells:

 Spells                   Type           Power      Damage    Failure   Level
 Sandblast                Erth           4%         2d4       16%         1
 Passwall                 Tmut/Erth      1%         N/A       24%         2
 Dazzling Flash           Conj/Hex       20%        N/A       19%         3
 Stone Arrow              Conj/Erth      20%        3d8       19%         3
 Fulminant Prism          Conj/Hex       5%         3d7       54%         4
 Iskenderun's Mystic Bla  Conj/Tloc      10%        2d4       54%         4

Inventory:

Hand Weapons
 c - a +0 dagger {short}
   (You took it off a goblin on level 1 of the Dungeon)
 e - a +0 short sword (weapon) {short}
   (You took it off a kobold on level 1 of the Dungeon)
Scrolls
 a - 3 scrolls of teleportation {unknown}
 b - a scroll of fear {unknown}
Potions
 d - a potion of mutation {unknown}

Dungeon Overview and Level Annotations

Branches:
Dungeon (1/15)

Altars:

....# ######....#
####.........#
............# ###
#.......... .....
#........#+##.....
#.................
#....(............
#@................
#g#####........#
#.#####._......###
#.#...............
..................
#............#####
..................
.##.#####.........
#' #....#####


You could see a gnoll.


Message History

Aiming: Magic Dart (safe; 2% risk of failure)
Press: ? - help, Q - select action, (/) - cycle Shift-Dir - straight line, f - rat
Aim: a rat (100% to hit)
The magic dart hits the rat but does no damage. 😎 MP[-1]
You lost 1 mp, and now have 4/5 mp.
Casting: Magic Dart (safe; 2% risk of failure)
Confirm with . or Enter, or press ? or * to list all spells.
Aiming: Searing Ray (safe; 4% risk of failure)
Press: ? - help, Shift-Dir - straight line, p - rat The searing ray hits the ball python!
You kill the ball python! (Press . to maintain the ray.) 😎 MP[-2]
You lost 2 mp, and now have 2/5 mp.
Aiming: Magic Dart (safe; 2% risk of failure)
Press: ? - help, Q - select action, (/) - cycle Shift-Dir - straight line, f - rat
Aim: a rat (100% to hit)
The magic dart hits the rat.
You kill the rat! 😎 MP[-1]
You lost 1 mp, and now have 1/5 mp.
Found a faded altar of an unknown god. 😎 MP[+4]
Your mp is fully restored (5).
A kobold and a ball python come into view.
Aiming: Magic Dart (safe; 2% risk of failure)
Press: ? - help, Q - select action, (/) - cycle Shift-Dir - straight line, f - kobold
Aim: a kobold, wielding a +0 club and quivering stones (asleep, 100% to hit)
The magic dart hits the kobold.
You kill the kobold! 😎 MP[-1]
You lost 1 mp, and now have 4/5 mp.
Lua error: /crawl-master/crawl-0.28/data/dat/dlua/macro.lua:38: Unknown function in macro: 'custom_rest' 😎 MP[+1]
Your mp is fully restored (5).
Aiming: Magic Dart (safe; 2% risk of failure)
Press: ? - help, Q - select action, (/) - cycle Shift-Dir - straight line, f - ball python
Aim: a ball python (asleep, 100% to hit)
The magic dart hits the ball python.
You kill the ball python! 😎 MP[-1]
You lost 1 mp, and now have 4/5 mp.
An endoplasm comes into view. 😎 MP[+1]
Your mp is fully restored (5).
Aiming: Magic Dart (safe; 2% risk of failure)
Press: ? - help, Q - select action, (/) - cycle Shift-Dir - straight line, f - endoplasm
Aim: an endoplasm (asleep, 100% to hit)
The magic dart hits the endoplasm.
The endoplasm quivers. 😎 MP[-1]
You lost 1 mp, and now have 4/5 mp.
Aiming: Magic Dart (safe; 2% risk of failure)
Press: ? - help, Q - select action, (/) - cycle Shift-Dir - straight line, f/p - endoplasm
Aim: an endoplasm (almost dead, 100% to hit)
The magic dart hits the endoplasm.
You kill the endoplasm! 😎 MP[-1]
You lost 1 mp, and now have 3/5 mp.
f - 3 stones {throwing} You see here a +0 club {mace}. 😎 MP[+2]
Your mp is fully restored (5).
You drop 3 stones {throwing}.
A gnoll comes into view. It is wielding a +0 flail.
Aiming: Magic Dart (safe; 2% risk of failure)
Press: ? - help, Q - select action, (/) - cycle Shift-Dir - straight line, f - gnoll
Aim: a gnoll, wielding a +0 flail (wandering, hasn't noticed you, 100% to hit)
The magic dart hits the gnoll.
The gnoll shouts! 😎 MP[-1]
You lost 1 mp, and now have 4/5 mp.
Casting: Magic Dart (safe; 2% risk of failure)
Confirm with . or Enter, or press ? or * to list all spells.
Aiming: Searing Ray (safe; 4% risk of failure)
Press: ? - help, Shift-Dir - straight line, f/p - gnoll
Aim: a gnoll, wielding a +0 flail (lightly wounded, 81% to hit)
The searing ray hits the gnoll but does no damage. (Press . to maintain the ray.) 😎 MP[-2]
You lost 2 mp, and now have 2/5 mp.
The searing ray hits the gnoll! 😎 MP[-1]
You lost 1 mp, and now have 1/5 mp.
The searing ray misses the gnoll.
The gnoll hits you with a +0 flail. 😮 HP[-6] MP[-1]
You take 6 damage, and now have 11/17 hp.
MASSIVE DAMAGE!! (PAUSE)
You lost 1 mp, and now have 0/5 mp.
Without enough magic to sustain it, your searing ray dissipates.
The gnoll hits you with a +0 flail.
* * * LOW HITPOINT WARNING * * *
😨 HP[-5]
You take 5 damage, and now have 6/17 hp.
MASSIVE DAMAGE!! (PAUSE)
You hit the gnoll. You grab the gnoll. You constrict the gnoll.
The gnoll hits you with a +0 flail!
Ouch! That really hurt!
You die...

Skill      XL: |  1 |
---------------+----+-----
Stealth        | 3 |  3.2
Dodging        | |  2.3
Spellcasting   | |  2.3
Conjurations   | |  4.2

Action                   || total
-------------------------++-------
Melee: Short sword       ||     1
       Constrict         ||     1
 Cast: Magic Dart        ||    29
       Searing Ray       ||     3
Armor: Skin              ||     1
Dodge: Dodged            ||     3

Levels and vault maps discovered:
D:1:      lemuel_arrival_rhombus, layout_basic, basic_ecumenical_altar,
          nicolae_grassy_gnolls

Notes
Turn   | Place    | Note
-------+----------+-------------------------------------------
     0 | D:1      | mortz the Octopode Conjurer began the quest for the Orb.
     0 | D:1      | Reached XP level 1. HP: 11/11 MP: 3/3
     0 | D:1      | magus.rc [v1.9.6]
   108 | D:1      | magus.rc [v1.9.6]
   108 | D:1      | magus.rc [v1.9.6]
   223 | D:1      | Reached skill level 3 in Stealth
   223 | D:1      | Reached XP level 2. HP: 17/17 MP: 3/5
   226 | D:1      | Learned a level 2 spell: Searing Ray
   467 | D:1      | You pick up a book of Geomancy and begin reading...
   467 | D:1      | You add the spells Sandblast, Passwall and Stone Arrow to
                  | your library.
   536 | D:1      | Found a faded altar of an unknown god.
   605 | D:1      | Slain by a gnoll

Vanquished Creatures
  4 ball pythons (D:1)
  4 endoplasms (D:1)
  3 kobolds (D:1)
  A quokka (D:1)
  3 bats (D:1)
  A frilled lizard (D:1)
  A goblin (D:1)
  A rat (D:1)
18 creatures vanquished.

Vanquished Creatures (others)
  6 plants (D:1)
6 creatures vanquished.

Grand Total: 24 creatures vanquished

Table legend:
 A = Non-vault XP
 B = Vault XP
 C = Vault XP percentage of total XP
 D = Non-vault monster count
 E = Vault monster count
 F = Vault count percentage of total count
                 A         B        C        D         E       F
            +---------+---------+-------+---------+---------+-------
      Total |      29 |       0 |   0.0 |      18 |       0 |   0.0
            +---------+---------+-------+---------+---------+-------
        D:1 |      29 |       0 |   0.0 |      18 |       0 |   0.0
            +---------+---------+-------+---------+---------+-------

Illustrated notes

Table legend:
 A = Kills in this place as a percentage of kills in entire the game.
 B = Kills by you in this place as a percentage of kills by you in the entire game.
 C = Kills by friends in this place as a percentage of kills by friends in the entire game.
 D = Other kills in this place as a percentage of other kills in the entire game.
 E = Experience gained in this place as a percentage of experience gained in the entire game.
 F = Experience gained in this place divided by the number of levels of this place that you have seen.
                   A       B       C       D       E      F
               +-------+-------+-------+-------+-------+----------------------
         Total | 100.0 | 100.0 |   N/A |   N/A | 100.0 |  29.0
       Dungeon | 100.0 | 100.0 |   N/A |   N/A | 100.0 |  29.0
               +-------+-------+-------+-------+-------+----------------------

Table legend: (Time is in decaauts)
 A = Elapsed time spent in this place.
 B = Non-inter-level travel time spent in this place.
 C = Inter-level travel time spent in this place.
 D = Time resting spent in this place.
 E = Time spent auto-exploring this place.
 F = Levels seen in this place.
 G = Mean time per level.
                   A        B        C        D        E       F      G
               +--------+--------+--------+--------+--------+-----+--------+
         Total |    604 |    604 |      0 |      0 |    475 |   1 |  604.0 |
       Dungeon |    604 |    604 |      0 |      0 |    475 |   1 |  604.0 |
               +--------+--------+--------+--------+--------+-----+--------+

Top non-repeatable levels by time:
     D:1: 604 daAuts
